Map: Deathaura LE

Players

AGOElazer (Elazer) - Winner!

  • Race: Zerg Zerg
  • League: Grandmaster
  • Spawn Location: 5:00

Vanya

  • Race: Zerg Zerg
  • League: Grandmaster
  • Spawn Location: 11:00

Event: DreamHack SC2 Masters 2020 Summer Europe

VOD

Have the link to the VOD?

Description

Time

  • Played on: July 3, 2020, 10:29 a.m.
  • Length: 10:05

All games in this series

Show
View Real Time Build Order
Export as new Build Order

AGOElazer Zerg - Winner!

Build Orders: Hatch First 

Get SALT Encoding   

  12  0:00  Drone  
  13  0:12  Overlord  
  13  0:16  Drone  
  14  0:30  Drone x2  
  16  0:47  Hatchery  
  15  0:50  Drone  
  15  0:53  Drone  
  17  0:57  Drone  
  18  1:08  Extractor  
  17  1:12  Spawning Pool  
  17  1:15  Drone  
  17  1:18  Drone  
  18  1:27  Drone  
  19  1:38  Drone  
  20  1:49  Drone  
  21  1:59  Queen x2  
  21  2:00  Drone, Overlord  
  26  2:08  Metabolic Boost  
  26  2:10  Drone, Zergling x2  
  28  2:20  Drone  
  28  2:21  Drone  
  30  2:31  Drone  
  30  2:34  Hatchery  
  30  2:37  Zergling x2  
  30  2:43  Drone x2  
  33  2:47  Baneling Nest  
  32  2:53  Overlord  
  32  2:56  Drone  
  33  3:05  Drone x2  
  35  3:08  Drone, Overlord  
  35  3:12  Queen  
  38  3:15  Drone x2  
  38  3:19  Zergling x4  
  42  3:20  Zergling x2  
  43  3:29  Drone x2  
  43  3:30  Drone  
  46  3:37  Extractor  
  46  3:41  Drone  
  46  3:42  Drone x2  
  46  3:43  Drone  
  46  3:44  Drone x3  
  52  3:49  Evolution Chamber  
  52  3:52  Zergling x4  
  52  3:54  Lair  
  53  3:55  Overlord  
  53  4:03  Drone x3  
  53  4:08  Roach Warren, Drone, Extractor  
  54  4:11  Drone  
  54  4:12  Drone  
  54  4:13  Drone  
  54  4:15  Drone  
  54  4:16  Baneling  
  54  4:17  Baneling  
  58  4:19  Zerg Missile Weapons Level 1  
  61  4:24  Drone x3  
  61  4:31  Baneling  
  61  4:32  Drone x2  
  61  4:35  Drone  
  61  4:38  Overlord  
  64  4:39  Drone x2  
  64  4:42  Baneling x2  
  65  4:46  Overlord  
  65  4:49  Extractor  
  65  4:50  Extractor  
  61  4:54  Zergling x8  
  63  5:02  Roach x6  
  72  5:12  Roach x5  
  79  5:18  Overlord  
  79  5:20  Roach  
  79  5:23  Glial Reconstitution, Overlord  
  79  5:28  Overseer  
  79  5:30  Queen  
  81  5:36  Overlord  
  81  5:38  Roach x2  
  85  5:43  Roach x4  
  85  5:46  Roach  
  85  5:49  Roach  
  96  5:54  Queen  
  96  5:56  Roach x2  
  102  6:00  Roach  
  102  6:03  Queen  
  106  6:04  Overlord  
  102  6:11  Roach x2  
  106  6:20  Overlord x2  
  106  6:23  Overlord  
  106  6:29  Overlord x2  
  105  6:37  Roach x2  
  90  6:42  Roach x5  
  90  6:48  Roach  
  90  6:52  Roach x2  
  85  6:54  Queen  
  85  6:59  Roach  
  85  7:00  Zerg Missile Weapons Level 2  
  79  7:06  Roach x2  
  79  7:09  Roach  
  79  7:14  Roach x3  
  87  7:18  Roach  
  87  7:20  Roach  
  91  7:23  Roach  
  91  7:27  Queen  
  91  7:28  Roach  
  91  7:29  Roach  
  99  7:38  Overlord  
  99  7:43  Drone x6  
  105  7:55  Roach x3  
  111  8:02  Roach x4  
  119  8:12  Overlord  
  119  8:21  Roach x4  
  127  8:33  Roach x5  
  127  8:43  Roach x2  
  127  8:51  Roach x2  
  123  8:58  Roach x2  
  123  9:02  Roach  
  105  9:06  Roach x2  
  105  9:08  Roach  
  107  9:17  Roach  
  107  9:18  Roach x2, Overlord  
  107  9:19  Drone x6  
  111  9:31  Hatchery  
  111  9:33  Roach x5  
  110  9:39  Ravager  
  110  9:42  Roach x2  
Show
View Real Time Build Order
Export as new Build Order

Vanya Zerg 

Build Orders: Hatch First 

Get SALT Encoding   

  12  0:00  Drone  
  13  0:12  Overlord  
  13  0:16  Drone  
  14  0:30  Drone x2  
  16  0:47  Hatchery  
  15  0:51  Drone  
  15  0:55  Drone  
  17  0:57  Drone  
  18  1:09  Extractor  
  17  1:13  Spawning Pool  
  17  1:15  Drone  
  17  1:19  Drone  
  18  1:28  Drone  
  19  1:38  Drone  
  20  1:49  Drone  
  21  1:59  Queen x2  
  21  2:00  Zergling x2  
  21  2:01  Overlord  
  26  2:08  Metabolic Boost  
  26  2:11  Drone x2  
  28  2:21  Drone x2  
  30  2:31  Hatchery  
  30  2:35  Drone  
  30  2:38  Drone  
  30  2:42  Drone  
  30  2:43  Drone  
  33  2:48  Baneling Nest  
  32  2:53  Overlord  
  32  2:54  Zergling x2  
  33  3:02  Queen  
  33  3:04  Drone  
  36  3:13  Drone x2, Overlord  
  36  3:16  Zergling x4  
  36  3:18  Zergling x2  
  41  3:20  Drone  
  41  3:23  Overlord  
  42  3:32  Drone  
  42  3:33  Drone  
  44  3:35  Drone  
  44  3:37  Evolution Chamber  
  44  3:39  Drone x3  
  46  3:49  Extractor  
  46  3:55  Zergling x10  
  50  4:06  Zerg Ground Armor Level 1  
  50  4:09  Roach Warren  
  49  4:10  Zergling x8  
  49  4:11  Baneling  
  49  4:12  Baneling, Overlord  
  53  4:19  Zergling x6  
  53  4:21  Zergling x2  
  57  4:25  Overlord  
  57  4:28  Overlord  
  57  4:31  Baneling x2  
  57  4:36  Overlord  
  53  4:46  Overlord  
  51  4:54  Roach x6  
  51  4:58  Overlord  
  57  5:07  Roach  
  57  5:08  Roach x3  
  57  5:13  Zergling x4  
  66  5:17  Zergling x2  
  66  5:18  Zergling x4  
  66  5:23  Zergling x6  
  68  5:30  Zergling x6  
  71  5:40  Zergling x2  
  71  5:44  Zergling x4  
  71  5:46  Zergling x14  
  80  5:52  Zergling x6  
  83  5:57  Ravager x3  
  87  6:04  Ravager, Zergling x2  
  87  6:05  Zergling x6  
  87  6:08  Zergling x2  
  90  6:12  Zergling x2  
  91  6:19  Zergling x2  
  91  6:20  Zergling x12  
  91  6:24  Ravager, Zergling x2  
  91  6:25  Zergling x2  
  84  6:41  Zergling x2  
  84  6:42  Zergling x14  
  82  6:49  Lair  
  82  6:50  Drone x3  
  82  6:53  Drone  
  82  6:54  Drone  
  74  6:58  Drone x2  
  74  7:00  Drone  
  74  7:01  Drone  
  71  7:04  Drone  
  71  7:06  Drone  
  69  7:09  Extractor  
  69  7:14  Zergling x6  
  67  7:23  Roach x3  
  67  7:29  Spine Crawler x2  
  71  7:32  Roach  
  71  7:33  Roach  
  77  7:38  Extractor  
  77  7:39  Extractor  
  77  7:40  Drone x4  
  79  7:45  Roach  
  79  7:48  Roach x4  
  79  7:49  Extractor  
  90  8:06  Spire  
  86  8:13  Zergling x18  
  86  8:17  Roach x4  
  99  8:23  Overlord  
  95  8:29  Roach x4  
  93  8:37  Zergling x6  
  93  8:40  Ravager  
  90  8:43  Zergling x10  
  90  8:44  Ravager  
  89  8:51  Zergling x2  
  89  8:52  Zergling x2  
  83  8:56  Zergling x8  
  76  9:03  Zergling x8  
  76  9:18  Mutalisk x4  
  85  9:24  Ravager x2  
  85  9:28  Zergling x2  
  85  9:29  Zergling x4  
  79  9:34  Zergling x4  
  69  9:45  Drone x2  
Tags
 
Add a new tag
Caveats
  • Supply blocks, unpowered buildings, or Contaminate may cause inaccurate times.
  • Supply counts are checked every 10 seconds.